[Event "GambitGuide"]
[Site "Internet Chess Club"]
[Date "2014.10.30"]
[Round "1"]
[White "JSBach"]
[Black "RonMexico"]
[Result "1/2-1/2"]
[ICCResult "White stalemated"]
[WhiteElo "1662"]
[BlackElo "1838"]
[Opening "Vienna: `Frankenstein-Dracula' variation"]
[ECO "C27"]
[NIC "VG.02"]
[Time "15:55:50"]
[TimeControl "120+12"]

1. e4 e5 2. Nc3 Nf6 3. Bc4 Nxe4 4. Qh5 Nd6 5. Bb3 Nc6 6. Nb5 g6 7. Qf3 f5 8.
Qd5 Qe7 9. Nxc7+ Kd8 10. Nxa8 b6 11. Ba4 Bb7 12. Nxb6 axb6 13. Qb3 Kc7 14.
Ne2 Nd4 15. Nxd4 exd4+ 16. Kf1 Ba6+ 17. d3 b5 18. Bf4 bxa4 19. Qxa4 Bb7 20.
Qxd4 Bg7 21. Bxd6+ Qxd6 22. Qxg7 Re8 23. Qc3+ Kb8 24. a3 Qe6 25. b4 Qe2+ 26.
Kg1 Qg4 27. f3 Bxf3 28. g3 Qh3 29. Qd2 g5 30. b5 Re2 31. Qxe2 Bxe2 32. Kf2
Qg4 33. Rhe1 Qf3+ 34. Kg1 Qe3+ 35. Kg2 Qd2 36. Kg1 Qxc2 37. Rac1 Qxd3 38. a4
g4 39. Kf2 Qf3+ 40. Kg1 Qe3+ 41. Kg2 Bf3+ 42. Kf1 Qd3+ 43. Kg1 Qd2 44. Re8+
Kb7 45. Kf1 Qg2+ 46. Ke1 Qg1+ 47. Kd2 Qxh2+ 48. Kd3 Qxg3 49. Rc3 Qd6+ 50.
Kc2 Be4+ 51. Kb3 Qd5+ 52. Kb4 Qd4+ 53. Rc4 Qd2+ 54. Rc3 Qb2+ 55. Rb3 Qd4+
56. Ka5 g3 57. Rxe4 fxe4 58. Rb1 e3 59. b6 Qd2+ 60. Kb5 Qd3+ 61. Ka5 Qxb1
{White stalemated}
1/2-1/2

[Event "GambitGuide"]
[Site "Internet Chess Club"]
[Date "2014.10.30"]
[Round "1"]
[White "JSBach"]
[Black "Wannabet"]
[Result "1-0"]
[ICCResult "Black resigns"]
[WhiteElo "1662"]
[BlackElo "1429"]
[Opening "Vienna: `Frankenstein-Dracula' variation"]
[ECO "C27"]
[NIC "VG.02"]
[Time "15:56:44"]
[TimeControl "120+12"]

1. e4 e5 2. Nc3 Nf6 3. Bc4 Nxe4 4. Qh5 Nd6 5. Bb3 Nc6 6. Nb5 g6 7. Qf3 f5 8.
Qd5 Qe7 9. Nxc7+ Kd8 10. Nxa8 b6 11. Ba4 Bb7 12. Nxb6 axb6 13. Qb3 b5 14.
Nf3 bxa4 15. Qxa4 e4 16. Nd4 Nxd4 17. Qxd4 Bg7 18. Qc5 Qe5 19. Qxe5 Bxe5 20.
a4 Nc4 21. c3 Ke7 22. b4 Ra8 23. a5 Ba6 24. Rb1 d5 25. h3 d4 26. Rb3 dxc3
27. dxc3 Nd6 28. h4 Nb5 29. Bg5+ Ke6 30. c4 Nd4 31. Rb1 Bxc4 32. Kd2 Ra7 33.
Rhd1 Rd7 34. Kc3 Bd3 35. a6 Bxb1 36. Rxb1 Nb5+ 37. Kb3 Ra7 38. f4 Bf6 39.
Bxf6 Kxf6 40. Ra1 Ke6 41. Kc4 Nc7 42. b5 e3 43. b6 e2 44. bxa7 Kd6 45. Re1
Kc6 46. Rxe2 Kb6 47. Re7 {Black resigns} 1-0

[Event "GambitGuide"]
[Site "Internet Chess Club"]
[Date "2014.10.30"]
[Round "1"]
[White "JSBach"]
[Black "fishhead"]
[Result "1-0"]
[ICCResult "Black resigns"]
[WhiteElo "1662"]
[BlackElo "1597"]
[Opening "Vienna: `Frankenstein-Dracula' variation"]
[ECO "C27"]
[NIC "VG.02"]
[Time "15:56:35"]
[TimeControl "120+12"]

1. e4 e5 2. Nc3 Nf6 3. Bc4 Nxe4 4. Qh5 Nd6 5. Bb3 Nc6 6. Nb5 g6 7. Qf3 f5 8.
Qd5 Qe7 9. Nxc7+ Kd8 10. Nxa8 b6 11. Ba4 Bb7 12. Nxb6 axb6 13. Qb3 Kc7 14.
Ne2 Bg7 15. Qd3 e4 16. Qb3 Rb8 17. Nf4 Nd4 18. Nd5+ Bxd5 19. Qxd5 b5 20.
Qc5+ Nc6 21. Bb3 Bd4 22. Qd5 Qf6 23. c3 Bb6 24. d4 exd3 25. Qxd3 Re8+ 26.
Kf1 Ne5 27. Qd5 Ng4 28. f3 Ne5 29. a4 bxa4 30. Bxa4 Nc6 31. Bf4 Re6 32. Rd1
Ne7 33. Qc4+ Kb7 34. Qb3 Nc6 35. Qd5 Qe7 36. Bxd6 {Black resigns} 1-0

[Event "GambitGuide"]
[Site "Internet Chess Club"]
[Date "2014.10.30"]
[Round "1"]
[White "JSBach"]
[Black "mikyoo"]
[Result "1-0"]
[ICCResult "Black resigns"]
[WhiteElo "1662"]
[BlackElo "1387"]
[Opening "Vienna: `Frankenstein-Dracula' variation"]
[ECO "C27"]
[NIC "VG.02"]
[Time "15:55:29"]
[TimeControl "120+12"]

1. e4 e5 2. Nc3 Nf6 3. Bc4 Nxe4 4. Qh5 Nd6 5. Bb3 Nc6 6. Nb5 g6 7. Qf3 f5 8.
Qd5 Qe7 9. Nxc7+ Kd8 10. Nxa8 b6 11. Ba4 Bg7 12. Bxc6 dxc6 13. Qb3 Qb7 14.
Qb4 Ke7 15. Nxb6 axb6 16. Nf3 c5 17. Qc3 Ne4 18. Qc4 Be6 19. Qb5 Nd6 20. Qe2
e4 21. Ng5 Bd5 22. O-O Bf6 23. h4 h6 24. Nh3 g5 25. d3 Rg8 26. hxg5 hxg5 27.
f3 g4 28. fxe4 fxe4 29. Nf2 Bd4 30. dxe4 Nxe4 31. c4 Bc6 32. Bh6 Kd6 33.
Rad1 Kc7 34. Be3 Bxe3 35. Qxe3 Re8 36. Nxe4 Rxe4 37. Rf7+ Kb8 38. Rd8+ Ka7
39. Qa3+ {Black resigns} 1-0

[Event "GambitGuide"]
[Site "Internet Chess Club"]
[Date "2014.10.30"]
[Round "1"]
[White "JSBach"]
[Black "MacClassic"]
[Result "1-0"]
[ICCResult "Black resigns"]
[WhiteElo "1662"]
[BlackElo "1605"]
[Opening "Vienna: `Frankenstein-Dracula' variation"]
[ECO "C27"]
[NIC "VG.02"]
[Time "15:59:40"]
[TimeControl "120+12"]

1. e4 e5 2. Nc3 Nf6 3. Bc4 Nxe4 4. Qh5 Nd6 5. Bb3 Nc6 6. Nb5 g6 7. Qf3 f5 8.
Qd5 Qe7 9. Nxc7+ Kd8 10. Nxa8 b6 11. Ba4 Bb7 12. Nxb6 axb6 13. Qb3 Kc7 14.
Ne2 Na5 15. Qg3 Bg7 16. c3 Bh6 17. d4 Bxc1 18. Rxc1 e4 19. Nf4 Nac4 20. b3
Na5 21. c4 Kc8 22. c5 bxc5 23. Qc3 Kb8 24. dxc5 Nc8 25. Qxh8 Qe5 26. Qxe5+
{Black resigns}
1-0

[Event "GambitGuide"]
[Site "Internet Chess Club"]
[Date "2014.10.30"]
[Round "1"]
[White "JSBach"]
[Black "Wannabet"]
[Result "1-0"]
[ICCResult "Black resigns"]
[WhiteElo "1662"]
[BlackElo "1429"]
[Opening "Vienna: `Frankenstein-Dracula' variation"]
[ECO "C27"]
[NIC "VG.02"]
[Time "15:59:26"]
[TimeControl "120+12"]

1. e4 e5 2. Nc3 Nf6 3. Bc4 Nxe4 4. Qh5 Nd6 5. Bb3 Nc6 6. Nb5 g6 7. Qf3 f5 8.
Qd5 Qe7 9. Nxc7+ Kd8 10. Nxa8 b6 11. Ba4 Bb7 12. Nxb6 axb6 13. Qb3 Nd4 14.
Qxb6+ Ke8 15. Kf1 Bc6 16. Bxc6 Nxc6 17. Nf3 e4 18. Nd4 Nxd4 19. Qxd4 Bg7 20.
Qd5 Qe5 21. Qxe5+ Bxe5 22. a4 Ke7 23. Ke2 Rc8 24. c3 Nb7 25. b4 Kd6 26. a5
Kc6 27. a6 Nd8 28. d4 Bc7 29. Bg5 Kb6 30. Bf6 Ra8 31. Rhd1 Rxa6 32. Rxa6+
Kxa6 33. Be5 Kb6 34. Bxc7+ Kxc7 35. Ra1 Nc6 36. b5 Nb8 37. Ra7+ Kd6 38. Rb7
{Black resigns}
1-0

[Event "GambitGuide"]
[Site "Internet Chess Club"]
[Date "2014.10.30"]
[Round "1"]
[White "JSBach"]
[Black "MacClassic"]
[Result "1-0"]
[ICCResult "Black resigns"]
[WhiteElo "1662"]
[BlackElo "1605"]
[Opening "Vienna: `Frankenstein-Dracula' variation"]
[ECO "C27"]
[NIC "VG.02"]
[Time "16:00:38"]
[TimeControl "120+12"]

1. e4 e5 2. Nc3 Nf6 3. Bc4 Nxe4 4. Qh5 Nd6 5. Bb3 Nc6 6. Nb5 g6 7. Qf3 f5 8.
Qd5 Qe7 9. Nxc7+ Kd8 10. Nxa8 b6 11. Ba4 Bg7 12. Bxc6 dxc6 13. Qb3 Be6 14.
Qa4 Qb7 15. Qb4 Kd7 16. Nxb6+ axb6 17. Nf3 c5 18. Qh4 Ne4 19. d3 Nf6 20.
Nxe5+ Ke7 21. O-O Qc7 22. Re1 Kf8 23. Bh6 Bd5 24. Qxf6+ {Black resigns} 1-0

[Event "GambitGuide"]
[Site "Internet Chess Club"]
[Date "2014.10.30"]
[Round "1"]
[White "JSBach"]
[Black "MacClassic"]
[Result "1-0"]
[ICCResult "Black resigns"]
[WhiteElo "1662"]
[BlackElo "1605"]
[Opening "Vienna: `Frankenstein-Dracula' variation"]
[ECO "C27"]
[NIC "VG.02"]
[Time "16:01:25"]
[TimeControl "120+12"]

1. e4 e5 2. Nc3 Nf6 3. Bc4 Nxe4 4. Qh5 Nd6 5. Bb3 Nc6 6. Nb5 g6 7. Qf3 f5 8.
Qd5 Qe7 9. Nxc7+ Kd8 10. Nxa8 b6 11. Ba4 Qe6 12. Qxe6 dxe6 13. Bxc6
{Black resigns}
1-0

[Event "GambitGuide"]
[Site "Internet Chess Club"]
[Date "2014.10.30"]
[Round "1"]
[White "JSBach"]
[Black "Reloaded"]
[Result "1-0"]
[ICCResult "Black resigns"]
[WhiteElo "1662"]
[BlackElo "2143"]
[Opening "Vienna: `Frankenstein-Dracula' variation"]
[ECO "C27"]
[NIC "VG.02"]
[Time "16:00:26"]
[TimeControl "120+12"]

1. e4 e5 2. Nc3 Nf6 3. Bc4 Nxe4 4. Qh5 Nd6 5. Bb3 Nc6 6. Nb5 g6 7. Qf3 f5 8.
Qd5 Qe7 9. Nxc7+ Kd8 10. Nxa8 b6 11. Ba4 Bb7 12. Nxb6 axb6 13. Qb3 Kc7 14.
Ne2 Nd4 15. Nxd4 exd4+ 16. Kf1 Ba6+ 17. d3 b5 18. Bf4 bxa4 19. Qxa4 Bb7 20.
Qxd4 Rg8 21. Qc4+ Bc6 22. Qxg8 Bg7 23. Re1 Qf6 24. Be5 {Black resigns} 1-0

[Event "GambitGuide"]
[Site "Internet Chess Club"]
[Date "2014.10.30"]
[Round "1"]
[White "JSBach"]
[Black "mikyoo"]
[Result "1-0"]
[ICCResult "Black resigns"]
[WhiteElo "1662"]
[BlackElo "1387"]
[Opening "Vienna: `Frankenstein-Dracula' variation"]
[ECO "C27"]
[NIC "VG.02"]
[Time "16:00:34"]
[TimeControl "120+12"]

1. e4 e5 2. Nc3 Nf6 3. Bc4 Nxe4 4. Qh5 Nd6 5. Bb3 Nc6 6. Nb5 g6 7. Qf3 f5 8.
Qd5 Qe7 9. Nxc7+ Kd8 10. Nxa8 b6 11. Ba4 Bh6 12. Bxc6 dxc6 13. Qb3 b5 14.
Qc3 Bb7 15. Qa5+ Ke8 16. Qxa7 Kf7 17. Nb6 Ra8 18. Nxa8 {Black resigns} 1-0

[Event "GambitGuide"]
[Site "Internet Chess Club"]
[Date "2014.10.30"]
[Round "1"]
[White "JSBach"]
[Black "MacClassic"]
[Result "1-0"]
[ICCResult "Black resigns"]
[WhiteElo "1662"]
[BlackElo "1605"]
[Opening "Vienna: `Frankenstein-Dracula' variation"]
[ECO "C27"]
[NIC "VG.02"]
[Time "16:01:56"]
[TimeControl "120+12"]

1. e4 e5 2. Nc3 Nf6 3. Bc4 Nxe4 4. Qh5 Nd6 5. Bb3 Nc6 6. Nb5 g6 7. Qf3 f5 8.
Qd5 Qe7 9. Nxc7+ Kd8 10. Nxa8 b6 11. Ba4 Bb7 12. Nxb6 axb6 13. Qb3 b5 14.
Ne2 bxa4 15. Qxa4 Kc7 16. O-O Nc8 17. Re1 Nb6 18. Qb3 Qe6 19. Kf1 Qxb3 20.
cxb3 d6 21. a4 Nd5 22. f3 Ndb4 23. Nc3 Nc2 24. Rb1 Nxe1 25. Nd5+ Kd7 26.
Kxe1 Nd4 27. Nb6+ Kc6 28. Nc4 Bg7 29. Na5+ Kc7 30. d3 Ba6 31. Nc4 Bxc4 32.
bxc4 Nb3 33. g4 Nxc1 34. Rxc1 Kc6 35. b4 Rb8 36. b5+ Kc5 37. a5 Ra8 38. b6
Rxa5 39. b7 {Black resigns} 1-0

[Event "GambitGuide"]
[Site "Internet Chess Club"]
[Date "2014.10.30"]
[Round "1"]
[White "JSBach"]
[Black "Wannabet"]
[Result "1-0"]
[ICCResult "Black resigns"]
[WhiteElo "1662"]
[BlackElo "1429"]
[Opening "Vienna: `Frankenstein-Dracula' variation"]
[ECO "C27"]
[NIC "VG.02"]
[Time "16:01:57"]
[TimeControl "120+12"]

1. e4 e5 2. Nc3 Nf6 3. Bc4 Nxe4 4. Qh5 Nd6 5. Bb3 Nc6 6. Nb5 g6 7. Qf3 f5 8.
Qd5 Qe7 9. Nxc7+ Kd8 10. Nxa8 b6 11. Ba4 Bb7 12. Nxb6 axb6 13. Qb3 Kc7 14.
Ne2 Bg7 15. Nc3 Nd4 16. Nd5+ Bxd5 17. Qxd5 b5 18. Bb3 Nxb3 19. axb3 Rb8 20.
O-O Ne4 21. Ra7+ Kd8 22. d4 b4 23. Qg8+ Bf8 24. Bh6 Ke8 25. dxe5 Nf6 26.
exf6 Qxf6 27. Re1+ {Black resigns} 1-0

[Event "GambitGuide"]
[Site "Internet Chess Club"]
[Date "2014.10.30"]
[Round "1"]
[White "JSBach"]
[Black "fishhead"]
[Result "1-0"]
[ICCResult "Black resigns"]
[WhiteElo "1662"]
[BlackElo "1597"]
[Opening "Vienna: `Frankenstein-Dracula' variation"]
[ECO "C27"]
[NIC "VG.02"]
[Time "16:02:40"]
[TimeControl "120+12"]

1. e4 e5 2. Nc3 Nf6 3. Bc4 Nxe4 4. Qh5 Nd6 5. Bb3 Nc6 6. Nb5 g6 7. Qf3 f5 8.
Qd5 Qe7 9. Nxc7+ Kd8 10. Nxa8 b6 11. Ba4 Bb7 12. Nxb6 axb6 13. Qb3 b5 14.
Nf3 bxa4 15. Qxa4 Bg7 16. O-O e4 17. Ne1 Qe6 18. c3 Ke7 19. d4 Qc4 20. Bg5+
Kf7 21. Qxc4+ Nxc4 22. b3 Nd2 23. Bxd2 {Black resigns} 1-0

[Event "GambitGuide"]
[Site "Internet Chess Club"]
[Date "2014.10.30"]
[Round "1"]
[White "JSBach"]
[Black "FischerKing"]
[Result "1/2-1/2"]
[ICCResult "Game drawn by repetition"]
[WhiteElo "1662"]
[BlackElo "1739"]
[Opening "Vienna: `Frankenstein-Dracula' variation"]
[ECO "C27"]
[NIC "VG.02"]
[Time "16:01:51"]
[TimeControl "120+12"]

1. e4 e5 2. Nc3 Nf6 3. Bc4 Nxe4 4. Qh5 Nd6 5. Bb3 Nc6 6. Nb5 g6 7. Qf3 f5 8.
Qd5 Qe7 9. Nxc7+ Kd8 10. Nxa8 b6 11. Ba4 Bb7 12. Nxb6 axb6 13. Qb3 b5 14.
Nf3 Bg7 15. Bxb5 Nxb5 16. Qxb5 e4 17. Ne5 Nxe5 18. Qxb7 Ke8 19. Qa8+ Kf7 20.
Qd5+ Qe6 21. Qxe6+ dxe6 22. a4 Rc8 23. c3 Nd3+ 24. Ke2 Bh6 25. b4 Nf4+ 26.
Kf1 Nd3 27. Ke2 Nf4+ 28. Kf1 Nd3 29. Ke2 Nf4+ 30. Kf1 {Game drawn by
repetition} 1/2-1/2

[Event "GambitGuide"]
[Site "Internet Chess Club"]
[Date "2014.10.30"]
[Round "1"]
[White "JSBach"]
[Black "MacClassic"]
[Result "1-0"]
[ICCResult "Black resigns"]
[WhiteElo "1662"]
[BlackElo "1605"]
[Opening "Vienna: `Frankenstein-Dracula' variation"]
[ECO "C27"]
[NIC "VG.02"]
[Time "16:02:58"]
[TimeControl "120+12"]

1. e4 e5 2. Nc3 Nf6 3. Bc4 Nxe4 4. Qh5 Nd6 5. Bb3 Nc6 6. Nb5 g6 7. Qf3 f5 8.
Qd5 Qe7 9. Nxc7+ Kd8 10. Nxa8 b6 11. Ba4 Bb7 12. Nxb6 axb6 13. Qb3 b5 14.
Nf3 bxa4 15. Qxa4 Kc8 16. d3 e4 17. Bg5 Qe6 18. dxe4 Qxe4+ 19. Qxe4 fxe4 20.
Bf6 Rg8 21. Ng5 Nb4 22. O-O-O Nc4 23. Rd4 Nb6 24. a3 Nc6 25. Rxe4 Na5 26.
Re8+ Kc7 27. Bd8+ Kc6 28. b4 Nac4 29. Rd1 d5 30. h3 Kd7 31. Rde1 Bc6 32.
R1e6 Nc8 33. c3 Nxa3 34. b5 Nxb5 35. Kc2 Nc7 36. Bxc7 Kxc7 37. Rxc8+ Kxc8
38. Rxc6+ Kd7 39. Rf6 Be7 40. Nxh7 Rg7 41. Nf8+ Ke8 42. Rxg6 Bxf8 43. Rxg7
Bxg7 44. g4 Ke7 45. f4 Ke6 46. h4 Kd6 47. Kd3 Bf6 48. g5 Bg7 49. h5 Ke6 50.
h6 Bh8 51. g6 Kf6 52. f5 {Black resigns} 1-0

[Event "GambitGuide"]
[Site "Internet Chess Club"]
[Date "2014.10.30"]
[Round "1"]
[White "JSBach"]
[Black "pelikanjiri"]
[Result "1/2-1/2"]
[ICCResult "Game drawn by repetition"]
[WhiteElo "1662"]
[BlackElo "1889"]
[Opening "Vienna: `Frankenstein-Dracula' variation"]
[ECO "C27"]
[NIC "VG.02"]
[Time "16:02:16"]
[TimeControl "120+12"]

1. e4 e5 2. Nc3 Nf6 3. Bc4 Nxe4 4. Qh5 Nd6 5. Bb3 Nc6 6. Nb5 g6 7. Qf3 f5 8.
Qd5 Qe7 9. Nxc7+ Kd8 10. Nxa8 b6 11. Ba4 Bb7 12. Nxb6 axb6 13. Qb3 Bg7 14.
Qxb6+ Kc8 15. d3 e4 16. Be3 exd3 17. Bxc6 Bxc6 18. cxd3 f4 19. Rc1 fxe3 20.
fxe3 Nf5 21. Ke2 Bh6 22. Rxc6+ dxc6 23. Qxc6+ Kb8 24. Qb5+ Ka8 25. Qa6+ Kb8
26. Qb6+ Ka8 27. Qa5+ Kb8 28. Qb6+ Ka8 29. Qa6+ Kb8 30. Qb5+ Ka8 31. Qa6+
Kb8 32. Qb6+ Ka8 33. Qa5+ Kb8 34. Qb6+ Ka8 35. Qa5+ Kb8 36. Qb6+ Ka8 37.
Qa6+ Kb8 38. Qb6+ Ka8 39. Qa5+ Kb8 40. Qb6+ Ka8 41. Qa6+ Kb8 42. Qb6+ Ka8
43. Qa5+ Kb8 44. Qb6+ Ka8 45. Qa5+ Kb8 46. Qb6+ Ka8 47. Qa5+ Kb8 48. Qb6+
Ka8 49. Qa5+ Kb8 50. Qb6+ Ka8 51. Qa5+ Kb8 52. Qb6+ Ka8 53. Qa5+ Kb8 54.
Qb6+ Ka8 55. Qa5+ Kb8 56. Qb6+ Ka8 57. Qa5+ Kb8 58. Qb6+ Ka8 59. Qa5+ Kb8
60. Qb6+ Ka8 61. Qa5+ Kb8 62. Qb6+ Ka8 63. Qa5+ Kb8 64. Qb6+ Ka8 65. Qa5+
Kb8 66. Qb6+ Ka8 67. Qa5+ Kb8 68. Qb6+ Ka8 69. Qa5+ Kb8 70. Qb6+ Ka8 71.
Qa5+ Kb8 72. Qb6+ Ka8 73. Qa5+ Kb8 74. Qb6+ Ka8 75. Qa5+ Kb8 76. Qb6+ Ka8
77. Qa5+ Kb8 78. Qb6+ Ka8 79. Qa5+ Kb8 80. Qb6+ Ka8 81. Qa5+ Kb8 82. Qb6+
Ka8 83. Qa5+ Kb8 84. Qb6+ Ka8 85. Qa5+ Kb8 86. Qb6+ Ka8 87. Qa5+ Kb8 88.
Qb6+ Ka8 89. Qa5+ Kb8 90. Qb6+ Ka8 91. Qa5+ Kb8 92. Qb6+ Ka8 93. Qa5+ Kb8
94. Qb6+ Ka8 95. Qa5+ Kb8 96. Qb6+ Ka8 97. Qa5+ Kb8 98. Qb6+ Ka8 99. Qa6+
Kb8 100. Qb6+ Ka8 101. Qa5+ Kb8 102. Qb6+ Ka8 103. Qa5+ Kb8 104. Qb6+ Ka8
105. Qa5+ Kb8 106. Qb6+ Ka8 107. Qa6+ Kb8 108. Qb6+ Ka8 109. Qa5+ Kb8 110.
Qb6+ Ka8 111. Qa5+ Kb8 112. Qb6+ Ka8 113. Qa5+ Kb8 114. Qb6+ Ka8 115. Qa5+
Kb8 116. Qb6+ Ka8 117. Qa6+ Kb8 118. Qb6+ Ka8 119. Qa5+ Kb8 120. Qb6+ Ka8
121. Qa6+ Kb8 122. Qb6+ Ka8 123. Qa5+ Kb8 124. Qb6+ Ka8 125. Qa6+ Kb8 126.
Qb6+ Ka8 127. Qa5+ Kb8 128. Qb6+ Ka8 129. Qa5+ Kb8 130. Qb6+ Ka8 131. Qa5+
Kb8 132. Qb6+ Ka8 133. Qa6+ Kb8 134. Qb6+ Ka8 135. Qa5+ Kb8 136. Qb6+ Ka8
137. Qa6+ Kb8 138. Qb6+ Ka8 139. Qa5+ Kb8 140. Qb6+ Ka8 141. Qa5+ Kb8 142.
Qb6+ Ka8 143. Qa5+ Kb8 144. Qb6+ Ka8 145. Qa5+ Kb8 146. Qb6+ Ka8 147. Qa5+
Kb8 148. Qb6+ Ka8 149. Qa5+ Kb8 150. Qb6+ Ka8 151. Qa5+ Kb8 152. Qb6+ Ka8
153. Qa5+ Kb8 154. Qb6+ Ka8 155. Qa5+ Kb8 156. Qb6+ Ka8 157. Qa5+ Kb8 158.
Qb6+ Ka8 159. Qa5+ Kb8 160. Qb6+ Ka8 161. Qa5+ Kb8 162. Qb6+ Ka8 163. Qa5+
Kb8 164. Qb6+ Ka8 165. Qa5+ {Game drawn by repetition} 1/2-1/2

[Event "GambitGuide"]
[Site "Internet Chess Club"]
[Date "2014.10.30"]
[Round "1"]
[White "JSBach"]
[Black "Grandelius"]
[Result "0-1"]
[ICCResult "White checkmated"]
[WhiteElo "1662"]
[BlackElo "2929"]
[Opening "Vienna: `Frankenstein-Dracula' variation"]
[ECO "C27"]
[NIC "VG.02"]
[Time "16:04:11"]
[TimeControl "120+12"]

1. e4 e5 2. Nc3 Nf6 3. Bc4 Nxe4 4. Qh5 Nd6 5. Bb3 Nc6 6. Nb5 g6 7. Qf3 f5 8.
Qd5 Qe7 9. Nxc7+ Kd8 10. Nxa8 b6 11. Ba4 Bb7 12. Nxb6 axb6 13. Qb3 Kc7 14.
Ne2 Qg5 15. O-O Nd4 16. Qc3+ Kb8 17. Qh3 Nxe2+ 18. Kh1 Nf4 19. Qg3 Bxg2+ 20.
Kg1 Ne2+ 21. Kxg2 Nxg3 22. fxg3 f4 23. Bxd7 Nf5 24. Kh1 fxg3 25. Rg1 Qf4 26.
hxg3 Qf3+ 27. Kh2 Bd6 28. Bxf5 gxf5 29. a3 e4 30. d3 e3 31. c3 Rg8 32. Bxe3
Qxe3 33. d4 Qf2+ 34. Rg2 Bxg3+ 35. Kh3 Qf3 36. Rc2 Bf4+ 37. Kh4 Qg4#
{White checkmated}
0-1

[Event "GambitGuide"]
[Site "Internet Chess Club"]
[Date "2014.10.30"]
[Round "1"]
[White "JSBach"]
[Black "uncleralph123"]
[Result "1-0"]
[ICCResult "Black forfeits on time"]
[WhiteElo "1662"]
[BlackElo "1400"]
[Opening "Vienna: `Frankenstein-Dracula' variation"]
[ECO "C27"]
[NIC "VG.02"]
[Time "16:02:21"]
[TimeControl "120+12"]

1. e4 e5 2. Nc3 Nf6 3. Bc4 Nxe4 4. Qh5 Nd6 5. Bb3 Nc6 6. Nb5 g6 7. Qf3 f5 8.
Qd5 Qe7 9. Nxc7+ Kd8 10. Nxa8 b6 11. Ba4 Nb4 12. Qb3 Ne4 13. d3 Ng5 14. Qc3
Nd5 15. Bxg5 Qxg5 16. Qxe5 {Black forfeits on time} 1-0

[Event "GambitGuide"]
[Site "Internet Chess Club"]
[Date "2014.10.30"]
[Round "1"]
[White "JSBach"]
[Black "hubbard"]
[Result "1-0"]
[ICCResult "Black resigns"]
[WhiteElo "1662"]
[BlackElo "1368"]
[Opening "Vienna: `Frankenstein-Dracula' variation"]
[ECO "C27"]
[NIC "VG.02"]
[Time "16:01:17"]
[TimeControl "120+12"]

1. e4 e5 2. Nc3 Nf6 3. Bc4 Nxe4 4. Qh5 Nd6 5. Bb3 Nc6 6. Nb5 g6 7. Qf3 f5 8.
Qd5 Qe7 9. Nxc7+ Kd8 10. Nxa8 b6 11. Ba4 Bb7 12. Nxb6 axb6 13. Qb3 b5 14.
Nf3 bxa4 15. Qxa4 Nd4 16. Nxd4 exd4+ 17. Kf1 Bg7 18. b4 d3 19. Qa5+ Ke8 20.
Bb2 Bxb2 21. Re1 dxc2 22. Rxe7+ Kxe7 23. Ke2 c1=Q 24. Rxc1 Bxc1 25. Qe5+ Kd8
26. Qxh8+ Kc7 27. Qc3+ Bc6 28. Qxc1 {Black resigns} 1-0

[Event "GambitGuide"]
[Site "Internet Chess Club"]
[Date "2014.10.30"]
[Round "1"]
[White "JSBach"]
[Black "MacClassic"]
[Result "1-0"]
[ICCResult "Black resigns"]
[WhiteElo "1662"]
[BlackElo "1605"]
[Opening "Vienna: `Frankenstein-Dracula' variation"]
[ECO "C27"]
[NIC "VG.02"]
[Time "16:04:36"]
[TimeControl "120+12"]

1. e4 e5 2. Nc3 Nf6 3. Bc4 Nxe4 4. Qh5 Nd6 5. Bb3 Nc6 6. Nb5 g6 7. Qf3 f5 8.
Qd5 Qe7 9. Nxc7+ Kd8 10. Nxa8 b6 11. Ba4 Bb7 12. Nxb6 axb6 13. Qb3 b5 14.
Nf3 bxa4 15. Qxa4 Nc8 16. Qb5 Kc7 17. O-O Qc5 18. a4 N6a7 19. Qxc5+ Bxc5 20.
Nxe5 Re8 21. Re1 d6 22. Nf3 Rxe1+ 23. Nxe1 Ne7 24. Nd3 Nd5 25. Nxc5 dxc5 26.
a5 Nb4 27. c3 Nd3 28. f4 Nc6 29. b4 cxb4 30. cxb4 Ndxb4 31. Ra3 Ba6 32. g3
Nd4 33. Bb2 Nf3+ 34. Rxf3 {Black resigns} 1-0

[Event "GambitGuide"]
[Site "Internet Chess Club"]
[Date "2014.10.30"]
[Round "1"]
[White "JSBach"]
[Black "mikyoo"]
[Result "1-0"]
[ICCResult "Black resigns"]
[WhiteElo "1662"]
[BlackElo "1387"]
[Opening "Vienna: `Frankenstein-Dracula' variation"]
[ECO "C27"]
[NIC "VG.02"]
[Time "16:02:40"]
[TimeControl "120+12"]

1. e4 e5 2. Nc3 Nf6 3. Bc4 Nxe4 4. Qh5 Nd6 5. Bb3 Nc6 6. Nb5 g6 7. Qf3 f5 8.
Qd5 Qe7 9. Nxc7+ Kd8 10. Nxa8 b6 11. Ba4 Bb7 12. Nxb6 axb6 13. Qb3 b5 14.
Nf3 bxa4 15. Qxa4 Kc7 16. d3 Bg7 17. Bg5 Bf6 18. Be3 Ra8 19. Qb3 Nd4 20.
Bxd4 exd4+ 21. Kd1 Qf7 22. Qxf7 Nxf7 23. a4 Bxf3+ 24. gxf3 Ne5 25. f4 Ng4
26. Ke2 Bh4 27. f3 Nf6 28. c3 Nd5 29. cxd4 Nxf4+ 30. Kd2 d5 31. Rhc1+ Kd6
32. b4 Bg5 33. Kc2 Ne6 34. Rf1 Nxd4+ 35. Kb2 Bf6 36. Ra2 Nxf3+ 37. Ka3 Nd4
38. Rc1 Nb5+ 39. Kb3 Nd4+ 40. Ka3 f4 41. a5 f3 42. Ka4 Bg5 43. Re1 Bd2 44.
Rxd2 {Black resigns} 1-0

[Event "GambitGuide"]
[Site "Internet Chess Club"]
[Date "2014.10.30"]
[Round "1"]
[White "JSBach"]
[Black "Wannabet"]
[Result "1-0"]
[ICCResult "Black resigns"]
[WhiteElo "1662"]
[BlackElo "1429"]
[Opening "Vienna: `Frankenstein-Dracula' variation"]
[ECO "C27"]
[NIC "VG.02"]
[Time "16:03:42"]
[TimeControl "120+12"]

1. e4 e5 2. Nc3 Nf6 3. Bc4 Nxe4 4. Qh5 Nd6 5. Bb3 Nc6 6. Nb5 g6 7. Qf3 f5 8.
Qd5 Qe7 9. Nxc7+ Kd8 10. Nxa8 b6 11. Ba4 Bb7 12. Nxb6 axb6 13. Qb3 Nd4 14.
Qxb6+ Ke8 15. Kf1 Kf7 16. c3 Ne6 17. Bb3 Bc6 18. d4 exd4 19. Qxd4 Ne4 20.
Qxh8 Bg7 21. Qxh7 Bb5+ 22. Ke1 Ng5 23. Bxg5 Qxg5 24. Bd5 f4 25. Be4 Nc5 26.
Nf3 Qf6 27. Bxg6+ Qxg6 28. Ne5+ {Black resigns} 1-0

[Event "GambitGuide"]
[Site "Internet Chess Club"]
[Date "2014.10.30"]
[Round "1"]
[White "JSBach"]
[Black "MacClassic"]
[Result "1-0"]
[ICCResult "Black resigns"]
[WhiteElo "1662"]
[BlackElo "1605"]
[Opening "Vienna: `Frankenstein-Dracula' variation"]
[ECO "C27"]
[NIC "VG.02"]
[Time "16:05:41"]
[TimeControl "120+12"]

1. e4 e5 2. Nc3 Nf6 3. Bc4 Nxe4 4. Qh5 Nd6 5. Bb3 Nc6 6. Nb5 g6 7. Qf3 f5 8.
Qd5 Qe7 9. Nxc7+ Kd8 10. Nxa8 b6 11. Ba4 Bb7 12. Nxb6 axb6 13. Qb3 b5 14.
Nf3 bxa4 15. Qxa4 Bg7 16. O-O Re8 17. Re1 Kc7 18. d4 e4 19. Bf4 Kc8 20. c3
h6 21. a3 g5 22. Bxd6 Qxd6 23. Qc4 Kb8 24. h3 Re7 25. Nd2 Na5 26. Qb5 Qc7
27. Qxf5 e3 28. Rxe3 Rxe3 29. fxe3 Qc6 30. e4 Ka7 31. Qxa5+ Kb8 32. Qd8+
{Black resigns}
1-0

[Event "GambitGuide"]
[Site "Internet Chess Club"]
[Date "2014.10.30"]
[Round "1"]
[White "JSBach"]
[Black "MacClassic"]
[Result "1-0"]
[ICCResult "Black resigns"]
[WhiteElo "1662"]
[BlackElo "1605"]
[Opening "Vienna: `Frankenstein-Dracula' variation"]
[ECO "C27"]
[NIC "VG.02"]
[Time "16:06:48"]
[TimeControl "120+12"]

1. e4 e5 2. Nc3 Nf6 3. Bc4 Nxe4 4. Qh5 Nd6 5. Bb3 Nc6 6. Nb5 g6 7. Qf3 f5 8.
Qd5 Qe7 9. Nxc7+ Kd8 10. Nxa8 b6 11. Ba4 Bb7 12. Nxb6 axb6 13. Qb3 Bh6 14.
d3 Bxc1 15. Qxb6+ Kc8 16. Rxc1 e4 17. Ne2 exd3 18. cxd3 Kb8 19. Bxc6 dxc6
20. Rxc6 Rc8 21. Rc3 Rxc3 22. bxc3 Nc8 23. Qb5 Qd6 24. a4 Qa3 25. O-O Qd6
26. Rb1 Qc7 27. Qa6 Na7 28. f3 Ka8 29. Qe6 Nc6 30. d4 Na5 31. Qe8+ Ka7 32.
Qe3 Nc4 33. Qe6 Nd2 34. Rb5 Nc4 35. Rc5 Qb6 36. Qxc4 Ba6 37. Qf7+
{Black resigns}
1-0

[Event "GambitGuide"]
[Site "Internet Chess Club"]
[Date "2014.10.30"]
[Round "1"]
[White "JSBach"]
[Black "MacClassic"]
[Result "1-0"]
[ICCResult "Black resigns"]
[WhiteElo "1662"]
[BlackElo "1605"]
[Opening "Vienna: `Frankenstein-Dracula' variation"]
[ECO "C27"]
[NIC "VG.02"]
[Time "16:08:18"]
[TimeControl "120+12"]

1. e4 e5 2. Nc3 Nf6 3. Bc4 Nxe4 4. Qh5 Nd6 5. Bb3 Nc6 6. Nb5 g6 7. Qf3 f5 8.
Qd5 Qe7 9. Nxc7+ Kd8 10. Nxa8 b6 11. Ba4 Bb7 12. Nxb6 axb6 13. Qb3 b5 14.
Nf3 bxa4 15. Qxa4 Bg7 16. O-O h6 17. Re1 Ke8 18. d4 e4 19. h3 Kf7 20. Qb3+
Qe6 21. d5 {Black resigns} 1-0